 Dungeon Crawl Stone Soup version 0.27-a0-1513-g2aaa0cc67b (webtiles) character file.

Game seed: 4704878243437635313

4497 Zonian the Destroyer (level 10, -4/74 HPs)
             Began as a Gnoll Conjurer on July 10, 2021.
             Was an Elder of Elyvilon.
             Shot with an arrow by a centaur warrior (14 damage)
             ... on level 8 of the Dungeon.
             The game lasted 00:22:18 (15221 turns).

Zonian the Destroyer (Gnoll Conjurer)              Turns: 15221, Time: 00:22:18

Health: -4/74      AC: 11    Str: 15    XL:     10   Next: 38%
Magic:  21/21      EV: 15    Int: 21    God:    Elyvilon [****..]
Gold:   421        SH:  0    Dex: 11    Spells: 13/23 levels left

rFire    + . .     SeeInvis +   x - +9 falchion "Ceic" {freeze, Fly rN+ Str+9 SInv}
rCold    . . .     Faith    .   z - +3 buckler "Ecki" {rElec rF+ rC-}
rNeg     + . .     Spirit   .   B - +1 scale mail {rPois}
rPois    +         Reflect  .   e - +0 helmet
rElec    +         Harm     .   (no cloak)
rCorr    .         Rampage  .   (no gloves)
Will     .....                  n - +1 pair of boots
Stlth    ..........             (no amulet)
HPRegen  0.22/turn              I - +4 ring of evasion
MPRegen  0.17/turn              w - ring of protection from cold

@: confused, about to teleport, ambrosia-drunk, flying
A: fangs 1, strong nose, distributed training
a: Renounce Religion, Lesser Healing, Heal Other, Purification, Greater Healing,
Divine Protection


You were on level 8 of the Dungeon.
You worshipped Elyvilon.
Elyvilon was greatly pleased with you.
You visited 1 branch of the dungeon, and saw 8 of its levels.

You collected 589 gold pieces.
You spent 168 gold pieces at shops.

Inventory:

Hand Weapons
 i - a +1 dagger
 l - a +1 scimitar of flaming
 p - a +0 rapier
 x - the +9 falchion "Ceic" (weapon) {freeze, Fly rN+ Str+9 SInv}
   (You acquired it on level 1 of the Dungeon)

   It has been specially enchanted to freeze those struck by it, causing extra
   injury to most foes and up to half again as much damage against particularly
   susceptible opponents.
   It can also slow down cold-blooded creatures.
   Str:       It affects your strength (+9).
   rN:        It protects you from negative energy.
   SInv:      It lets you see invisible.
   Fly:       It grants you flight.
 y - a +2 dagger of freezing
Missiles
 f - 13 javelins
 j - 5 boomerangs
 o - a throwing net
 t - 68 poisoned darts
 u - 3 curare-tipped darts
Armour
 a - a +0 robe
 e - a +0 helmet (worn)
 n - a +1 pair of boots (worn)
 r - +0 gold dragon scales
 z - the +3 buckler "Ecki" (worn) {rElec rF+ rC-}
   (You took it off an orc wizard on level 6 of the Dungeon)

   rF:        It protects you from fire.
   rC:        It makes you vulnerable to cold.
   rElec:     It insulates you from electricity.
 B - a +1 scale mail of poison resistance (worn)
Jewellery
 q - a ring of protection from fire
 w - a ring of protection from cold (right hand)
 A - a ring of see invisible
 C - a ring of positive energy
 G - an amulet of regeneration
 I - a +4 ring of evasion (left hand)
 K - the ring of Levity {Fly Str+5}
   (You found it on level 7 of the Dungeon)

   [ring of flight]

   Str:       It affects your strength (+5).
   Fly:       It grants you flight.
Wands
 E - a wand of digging (4)
Scrolls
 D - a scroll of immolation
 J - a scroll of amnesia
Potions
 b - 4 potions of curing
 d - a potion of lignification
 g - 4 potions of magic
 k - 2 potions of might
 m - a potion of haste
 s - a potion of berserk rage {unknown}
 v - a potion of resistance {unknown}
 F - a potion of flight {unknown}
 M - a potion of brilliance {unknown}


   Skills:
 + Level 5.2 Fighting
 + Level 5.2 Short Blades
 + Level 5.2 Long Blades
 + Level 5.2 Axes
 + Level 5.2 Maces & Flails
 + Level 5.2 Polearms
 + Level 5.2 Staves
 + Level 5.2 Slings
 + Level 5.2 Bows
 + Level 5.2 Crossbows
 + Level 5.2 Throwing
 + Level 5.2 Armour
 + Level 7.0 Dodging
 + Level 6.8 Stealth
 + Level 5.2 Shields
 + Level 5.2 Unarmed Combat
 + Level 7.3 Spellcasting
 + Level 8.4 Conjurations
 + Level 4.3 Hexes
 + Level 4.3 Summonings
 + Level 4.3 Necromancy
 + Level 4.3 Translocations
 + Level 4.3 Transmutations
 + Level 4.3 Fire Magic
 + Level 4.3 Ice Magic
 + Level 4.3 Air Magic
 + Level 4.3 Earth Magic
 + Level 4.3 Poison Magic
 + Level 5.7 Invocations
 + Level 5.2 Evocations


You had 13 spell levels left.
You knew the following spells:

 Your Spells              Type           Power      Damage    Failure   Level
a - Magic Dart            Conj           100%       1d8       1%          1
b - Searing Ray           Conj           86%        3d6       1%          2
c - Mephitic Cloud        Conj/Pois/Air  31%        N/A       9%          3
d - Iskenderun's Mystic   Conj/Tloc      34%        2d8       22%         4

Your spell library contained the following spells:

 Spells                   Type           Power      Damage    Failure   Level
 Dazzling Flash           Conj/Hex       68%        N/A       7%          3
 Call Imp                 Summ           25%        N/A       8%          2
 Sublimation of Blood     Necr           12%        N/A       8%          2
 Wereblood                Tmut           25%        N/A       8%          2
 Fulminant Prism          Conj/Hex       17%        3d11      22%         4
 Summon Hydra             Summ           12%        N/A       100%        7


Dungeon Overview and Level Annotations

Branches:
Dungeon (8/15)             Temple (0/1) D:7
   Lair: D:8-11

Altars:
Cheibriados
Dithmenos
Elyvilon
Gozag
Hepliaklqana
Kikubaaqudgha
Makhleb
Qazlal
Uskayaw
Xom
Yredelemnul
The Shining One

Shops:
D:1 *

Annotations:
D:4 3 runed translucent doors, wesbby's ghost, amateur MiFi


Innate Abilities, Weirdness & Mutations

You have very sharp teeth.
Your uncanny sense of smell can sniff out nearby items.
Your experience applies equally to all skills.


Message History

The magic dart hits the orc but does no damage.
The orc is heavily wounded.
The magic dart hits the orc.
You kill the orc!
You can't see any susceptible monsters within range! (Use Z to cast anyway.)
You can't see any susceptible monsters within range! (Use Z to cast anyway.)
You can't see any susceptible monsters within range! (Use Z to cast anyway.) Unknown command.
Okay, then.
Unknown command.
Magic restored.
Found a runed cloak.
Things that are here:
a +0 dagger; a +0 robe Unknown command.
g - 4 potions of magic (gained 1)
You now have 421 gold pieces (gained 20).
Things that are here:
a +0 whip; 21 stones; the +1 leather armour "Roloomui" {rElec Regen+ Str-3 Int+5} A bullfrog comes into view.
The bullfrog croaks.
The centaur warrior shouts!
The centaur warrior shoots an arrow.
The arrow hits you!!
A kobold brigand comes into view.
It is wielding a +0 short sword and quivering poisoned darts.
Unknown command.
Casting: Magic Dart (safe; 1% risk of failure)
Confirm with . or Enter, or press ? or * to list all spells.
Okay, then.
As you read the scroll of teleportation, it crumbles to dust.
You feel strangely unstable.
The bullfrog swells and bulges.
The centaur warrior shoots an arrow.
The arrow hits you!
A wight comes into view. It is wielding a +2 morningstar.
An orc comes into view. It is wielding a +0 dagger.
The centaur warrior shoots an arrow.
The arrow barely misses you.
The centaur warrior shoots an arrow.
The arrow hits you!!
* * * LOW HITPOINT WARNING * * *
Unknown command.
You are confused.
You feel invigorated.
The centaur warrior shoots an arrow.
The arrow hits you!
You die...

#.# #....# #.# #.#
#....# #.# ###
###### #.# #.# #÷#
########## #.# .
#..[.....####.# ...
#...#...)..##.#
.....#F@.##...).##.#
.....'...##......#.#
.....#...####......#
.... #...#
######...... ...
#...# #######
######## #...#
#......#


#zco# ∆ #.#...... #...' #c# ..... #...# ∆ You could see a centaur warrior, a
bullfrog, a wight and an orc.

Vanquished Creatures
  Erica (D:8)
  An ugly thing (D:8)
  3 yaks (D:8)
  Menkaure (D:4)
  2 water moccasins
  A necrophage (D:4)
  A black bear (D:7)
  4 ice beasts
  3 sky beasts
  5 ogres
  A centaur (D:5)
  A kobold brigand (D:5)
  A gnoll sergeant (D:7)
  A bullfrog (D:7)
  3 scorpions
  A water moccasin skeleton (D:7)
  A wyvern skeleton (D:6)
  4 crimson imps (D:4)
  A howler monkey (D:5)
  A bullfrog zombie (D:7)
  2 hounds
  2 centaur zombies (D:5)
  An orc priest (D:7)
  A bullfrog skeleton (D:6)
  A gnoll shaman (D:6)
  A jelly (D:5)
  3 iguanas
  6 orc wizards
  A killer bee zombie (D:6)
  A hound skeleton (D:5)
  A howler monkey zombie (D:7)
  7 gnolls
  10 adders
  An ufetubus (D:5)
  A worm (D:5)
  13 orcs
  2 ball pythons
  6 endoplasms
  3 giant cockroaches
  5 goblins
  8 hobgoblins
  A quokka (D:2)
  4 bats
  3 frilled lizards (D:1)
  15 kobolds
  4 rats
140 creatures vanquished.

Vanquished Creatures (others)
  5 bushes (D:7)
5 creatures vanquished.

Grand Total: 145 creatures vanquished

Notes
Turn   | Place    | Note
-------+----------+-------------------------------------------
     0 | D:1      | Zonian the Gnoll Conjurer began the quest for the Orb.
     0 | D:1      | Reached XP level 1. HP: 13/13 MP: 6/6
   556 | D:1      | Found Tejixistrau's Assorted Antiques.
   562 | D:1      | Reached XP level 2. HP: 19/19 MP: 3/7
   569 | D:1      | Learned a level 2 spell: Searing Ray
  1386 | D:2      | Reached XP level 3. HP: 25/25 MP: 6/9
  1463 | D:2      | Reached skill level 5 in Spellcasting
  1579 | D:2      | Found a faded altar of an unknown god.
  1586 | D:2      | Became a worshipper of Elyvilon the Healer
  1586 | D:2      | Reached * piety under Elyvilon
  1598 | D:2      | Reached skill level 1 in Invocations
  1657 | D:2      | Noticed an ogre
  1658 | D:2      | Reached skill level 1 in Fighting
  1658 | D:2      | Reached skill level 1 in Short Blades
  1658 | D:2      | Reached skill level 1 in Long Blades
  1658 | D:2      | Reached skill level 1 in Axes
  1658 | D:2      | Reached skill level 1 in Maces & Flails
  1658 | D:2      | Reached skill level 1 in Polearms
  1658 | D:2      | Reached skill level 1 in Staves
  1658 | D:2      | Reached skill level 1 in Slings
  1658 | D:2      | Reached skill level 1 in Bows
  1658 | D:2      | Reached skill level 1 in Crossbows
  1658 | D:2      | Reached skill level 1 in Throwing
  1658 | D:2      | Reached skill level 1 in Armour
  1658 | D:2      | Reached skill level 1 in Shields
  1658 | D:2      | Reached skill level 1 in Unarmed Combat
  1658 | D:2      | Reached skill level 1 in Evocations
  1732 | D:2      | Reached XP level 4. HP: 15/32 MP: 8/11
  2430 | D:2      | Killed an ogre
  2431 | D:2      | Reached skill level 1 in Hexes
  2431 | D:2      | Reached skill level 1 in Summonings
  2431 | D:2      | Reached skill level 1 in Necromancy
  2431 | D:2      | Reached skill level 1 in Translocations
  2431 | D:2      | Reached skill level 1 in Transmutations
  2431 | D:2      | Reached skill level 1 in Fire Magic
  2431 | D:2      | Reached skill level 1 in Ice Magic
  2431 | D:2      | Reached skill level 1 in Air Magic
  2431 | D:2      | Reached skill level 1 in Earth Magic
  2431 | D:2      | Reached skill level 1 in Poison Magic
  2431 | D:2      | Reached XP level 5. HP: 37/37 MP: 7/12
  2720 | D:3      | Reached ** piety under Elyvilon
  3053 | D:3      | Found a white marble altar of Elyvilon.
  3054 | D:3      | Found a snail-covered altar of Cheibriados.
  3843 | D:4      | Reached *** piety under Elyvilon
  3866 | D:4      | Noticed an ogre
  3945 | D:4      | Noticed a necrophage
  4109 | D:4      | Noticed Menkaure
  4174 | D:4      | Reached XP level 6. HP: 26/44 MP: 8/13
  4362 | D:5      | Entered Level 5 of the Dungeon
  4570 | D:4      | Reached skill level 5 in Dodging
  4692 | D:4      | Found a runed translucent gate.
  4692 | D:4      | Found a runed translucent gate.
  4692 | D:4      | Found a runed translucent gate.
  4692 | D:4      | Noticed wesbby's ghost (amateur MiFi)
  4952 | D:4      | Reached **** piety under Elyvilon
  5089 | D:4      | Found a shadowy altar of Dithmenos.
  5090 | D:4      | Found a stormy altar of Qazlal.
  5092 | D:4      | Found a hazy altar of Hepliaklqana.
  5092 | D:4      | Found an opulent altar of Gozag.
  5105 | D:4      | Killed a necrophage
  5106 | D:4      | Reached XP level 7. HP: 47/50 MP: 7/15
  5382 | D:4      | Found a shimmering altar of Xom.
  5698 | D:5      | Learned a level 3 spell: Mephitic Cloud
  5703 | D:5      | Learned a level 4 spell: Iskenderun's Mystic Blast
  6114 | D:5      | Found a glowing golden altar of the Shining One.
  6114 | D:5      | Found a hide-covered altar of Uskayaw.
  6136 | D:5      | Reached skill level 5 in Stealth
  6566 | D:5      | Reached XP level 8. HP: 57/57 MP: 10/16
  8072 | D:1      | Bought a blackened peridot ring for 120 gold pieces
  8074 | D:1      | Bought a scroll labelled WIF TEMOUDWA for 24 gold pieces
  8074 | D:1      | Bought a scroll labelled JEOPRE OBLOXT for 24 gold pieces
  8075 | D:1      | Acquired the +9 falchion "Ceic" {freeze, Fly rN+ Str+9
                  | SInv}
  8181 | D:4      | Killed Menkaure
  8499 | D:6      | Found a basalt altar of Yredelemnul.
  8648 | D:6      | Reached ***** piety under Elyvilon
  8716 | D:6      | Reached XP level 9. HP: 65/65 MP: 9/18
 10431 | D:6      | Identified the +3 buckler "Ecki" {rElec rF+ rC-}
 10637 | D:6      | Reached skill level 8 in Conjurations
 13082 | D:7      | Reached skill level 5 in Invocations
 13179 | D:7      | Found an ancient bone altar of Kikubaaqudgha.
 13333 | D:7      | Found a staircase to the Ecumenical Temple.
 13609 | D:7      | Identified the ring of Levity {Fly Str+5}
 13917 | D:8      | Noticed a centaur warrior
 13924 | D:8      | HP: 1/66 [centaur warrior/arrow (8)]
 13929 | D:8      | Elyvilon protects you from harm!
 13931 | D:8      | Elyvilon protects you from harm!
 13933 | D:8      | Elyvilon protects you from harm!
 14161 | D:8      | Found a burning altar of Makhleb.
 14300 | D:8      | Noticed Erica
 14316 | D:8      | Killed Erica
 14317 | D:8      | Reached skill level 5 in Fighting
 14317 | D:8      | Reached skill level 5 in Short Blades
 14317 | D:8      | Reached skill level 5 in Long Blades
 14317 | D:8      | Reached skill level 5 in Axes
 14317 | D:8      | Reached skill level 5 in Maces & Flails
 14317 | D:8      | Reached skill level 5 in Polearms
 14317 | D:8      | Reached skill level 5 in Staves
 14317 | D:8      | Reached skill level 5 in Slings
 14317 | D:8      | Reached skill level 5 in Bows
 14317 | D:8      | Reached skill level 5 in Crossbows
 14317 | D:8      | Reached skill level 5 in Throwing
 14317 | D:8      | Reached skill level 5 in Armour
 14317 | D:8      | Reached skill level 5 in Shields
 14317 | D:8      | Reached skill level 5 in Unarmed Combat
 14317 | D:8      | Reached skill level 5 in Evocations
 14317 | D:8      | Reached XP level 10. HP: 63/74 MP: 7/20
 14779 | D:8      | Noticed a brown ugly thing
 14796 | D:8      | Killed a brown ugly thing
 15181 | D:8      | Identified the +1 leather armour "Roloomui" {rElec Regen+
                  | Str-3 Int+5}
 15221 | D:8      | Shot with an arrow by a centaur warrior

Illustrated notes

Levels and vault maps discovered:
D:1:      ncdulo_watergridlock, layout_loops_ring, serial_shops, shop
D:2:      layout_rooms, ebering_ecumenical_altar_hall, minmay_heptomino_o4
D:3:      layout_basic, chequers_temple_overflow_statue_of_worship
D:4:      layout_layer_cave, mainiacjoe_overflow_alcove_3, led_xom_imps,
          ebering_ghost_rock_garden, uniq_menkaure
D:5:      layout_cave_pods, gammafunk_temple_overflow_wave
D:6:      layout_loops_ring, kennysheep_mini_moat, st_stairs_3,
          grunt_ministairs_8, corner_web_ring, patterned_corridor
D:7:      layout_loops_ring, lemuel_doored_altar,
          minmay_temple_entry_enclosed_plants
D:8:      minmay_opposing_rooms, layout_basic, amcnicky_altar_gilded, uniq_erica

Skill      XL: |  1  2  3  4  5  6  7  8  9 10 |
---------------+-------------------------------+-----
Spellcasting   | 5 6 7 |  7.3
Invocations    | 1 2 3 4 5 |  5.7
Fighting       | 1 2 3 5 |  5.2
Short Blades   | 1 2 3 5 |  5.2
Long Blades    | 1 2 3 5 |  5.2
Axes           | 1 2 3 5 |  5.2
Maces & Flails | 1 2 3 5 |  5.2
Polearms       | 1 2 3 5 |  5.2
Staves         | 1 2 3 5 |  5.2
Slings         | 1 2 3 5 |  5.2
Bows           | 1 2 3 5 |  5.2
Crossbows      | 1 2 3 5 |  5.2
Throwing       | 1 2 3 5 |  5.2
Armour         | 1 2 3 5 |  5.2
Shields        | 1 2 3 5 |  5.2
Unarmed Combat | 1 2 3 5 |  5.2
Evocations     | 1 2 3 5 |  5.2
Hexes          | 1 2 3 4 |  4.3
Summonings     | 1 2 3 4 |  4.3
Necromancy     | 1 2 3 4 |  4.3
Translocations | 1 2 3 4 |  4.3
Transmutations | 1 2 3 4 |  4.3
Fire Magic     | 1 2 3 4 |  4.3
Ice Magic      | 1 2 3 4 |  4.3
Air Magic      | 1 2 3 4 |  4.3
Earth Magic    | 1 2 3 4 |  4.3
Poison Magic   | 1 2 3 4 |  4.3
Dodging        | 5 6 7 |  7.0
Stealth        | 5 6 |  6.8
Conjurations   | 8 |  8.4

Action                   |  1- 3 |  4- 6 |  7- 9 | 10-12 || total
-------------------------+-------+-------+-------+-------++-------
Melee: Dagger            |       |     5 |     2 |       ||     7
       Punch             |       |     1 |     1 |       ||     2
       Falchion          |       |       |    24 |     1 ||    25
       Bite              |       |       |     3 |       ||     3
Throw: Throwing net      |       |     1 |       |       ||     1
 Cast: Magic Dart        |    58 |    62 |   165 |    17 ||   302
       Searing Ray       |     1 |     6 |    44 |     5 ||    56
Invok: Divine Protection |       |       |     1 |       ||     1
  Use: Scroll            |       |    12 |     8 |     1 ||    21
       Potion            |       |       |     2 |     1 ||     3
 Stab: Sleeping          |       |       |     2 |       ||     2
Armor: Robe              |       |     4 |     3 |       ||     7
       Scale mail        |       |       |    13 |     3 ||    16
Dodge: Dodged            |     5 |    12 |    55 |     7 ||    79
Block: Buckler           |       |       |    17 |     3 ||    20
       Rpst.: Falchion   |       |       |     6 |     2 ||     8

Table legend: (Time is in decaauts)
 A = Elapsed time spent in this place.
 B = Non-inter-level travel time spent in this place.
 C = Inter-level travel time spent in this place.
 D = Time resting spent in this place.
 E = Time spent auto-exploring this place.
 F = Levels seen in this place.
 G = Mean time per level.
                   A        B        C        D        E       F      G
               +--------+--------+--------+--------+--------+-----+--------+
         Total |  15244 |  14733 |    511 |   7357 |   5893 |   8 | 1905.5 |
       Dungeon |  15244 |  14733 |    511 |   7357 |   5893 |   8 | 1905.5 |
               +--------+--------+--------+--------+--------+-----+--------+

Top non-repeatable levels by time:
     D:6: 3581 daAuts
     D:5: 2443 daAuts
     D:4: 2236 daAuts
     D:7: 1651 daAuts
     D:8: 1554 daAuts
     D:1: 1340 daAuts
     D:2: 1332 daAuts
     D:3: 1103 daAuts
